 Dungeon Crawl Stone Soup version 0.26.1-11-gd32895ea62 (webtiles) character file.

Game seed: 1260134391794172137

8999 Arcadio the Covert (level 11, -2/54 HPs)
             Began as a Gargoyle Ice Elementalist on May 21, 2021.
             Was a Priest of Vehumet.
             Slain by a polar bear (22 damage)
             ... on level 1 of the Lair of Beasts.
             The game lasted 00:52:31 (16485 turns).

Arcadio the Covert (Gargoyle Ice Elementalist)     Turns: 16485, Time: 00:52:32

Health: -2/54      AC: 25    Str: 11    XL:     11   Next: 39%
Magic:  19/20      EV: 13    Int: 26    God:    Vehumet [***...]
Gold:   725        SH:  0    Dex: 10    Spells: 5/22 levels left

rFire    . . .     SeeInvis .   q - +3 hand axe (vamp)
rCold    . . .     Faith    .   (no shield)
rNeg     + . .     Spirit   .   M - +0 acid dragon scales
rPois    ∞         Reflect  .   X - +0 helmet
rElec    +         Harm     .   c - +0 cloak
rCorr    +         Rampage  .   j - +0 pair of gloves
Will     .....                  U - +1 pair of boots
Stlth    +++.......             g - amulet of magic regeneration
HPRegen  0.18/turn              i - +4 ring of protection
MPRegen  0.42/turn              r - +6 ring of intelligence

@: no status effects
A: negative energy resistance 1, electricity resistance, unbreathing,
petrification resistance, miasma immunity, AC +8
a: Renounce Religion


You were on level 1 of the Lair of Beasts.
You worshipped Vehumet.
Vehumet was most pleased with you.
You visited 3 branches of the dungeon, and saw 12 of its levels.
You also visited: Ice Cave.

You collected 725 gold pieces.

Inventory:

Hand Weapons
 b - a +1 hand axe of venom
 d - a +0 club
 k - a +0 flail
 l - a +1 short sword of speed
 q - a +3 vampiric hand axe (weapon)
 t - a +2 scimitar of flaming
 w - a +0 morningstar
 D - a +1 flail of draining
 I - a +0 whip of electrocution
 Q - a +2 flail of protection
 R - the +6 shillelagh "Devastator" {shatter}
   (You found it in an ice cave)
Missiles
 K - 5 boomerangs of dispersal (quivered)
Armour
 a - a +0 robe
 c - a +0 cloak (worn)
 j - a +0 pair of gloves (worn)
 s - a +0 pair of gloves
 M - +0 acid dragon scales (worn)
 U - a +1 pair of boots (worn)
 X - a +0 helmet (worn)
Jewellery
 g - an amulet of magic regeneration (around neck)
 i - a +4 ring of protection (left hand)
 r - a +6 ring of intelligence (right hand)
 V - the amulet of Temptation {Faith *Corrode +Inv rElec, unknown}
   (You found it on level 9 of the Dungeon)

   [amulet of faith]

   It allows you to gain divine favour quickly.
   It insulates you from electricity.
   It lets you turn invisible.
   It may corrode you when you take damage.
Wands
 y - a wand of random effects (18)
 A - a wand of disintegration (26)
 C - a wand of flame (48)
 F - a wand of paralysis (12)
 J - a wand of digging (3)
 W - a wand of acid (12)
 Y - a wand of polymorph (28)
Scrolls
 m - 10 scrolls of remove curse
 u - a scroll of blinking
 B - a scroll of holy word {unknown}
 E - a scroll of magic mapping
 G - 2 scrolls of fear {unknown}
 H - 2 scrolls of immolation
 N - a scroll of acquirement {unknown}
Potions
 e - 2 potions of magic
 f - 4 potions of brilliance
 h - 2 potions of heal wounds
 n - 5 potions of curing
 o - a potion of might {unknown}
 p - a potion of cancellation
 v - a potion of lignification
 x - a potion of haste
 z - a potion of mutation
 L - a potion of ambrosia
 O - a potion of attraction
 S - 2 potions of flight
 T - a potion of invisibility {unknown}


   Skills:
 + Level 1.5 Axes
 - Level 6.2 Armour
 + Level 6.4 Dodging
 - Level 8.5 Stealth
 + Level 6.3 Spellcasting
 - Level 5.0 Conjurations
 + Level 5.5 Summonings
 - Level 8.3 Ice Magic
 * Level 2.3 Evocations


You had 5 spell levels left.
You knew the following spells:

 Your Spells              Type           Power        Failure   Level
a - Freeze                Ice            100%         1%          1
b - Frozen Ramparts       Ice            100%         1%          3
c - Ozocubu's Armour      Ice            51%          1%          3
d - Summon Ice Beast      Ice/Summ       44%          5%          4
e - Hailstorm             Conj/Ice       42%          1%          4
f - Shock                 Conj/Air       84%          1%          1
g - Sandblast             Erth           16%          2%          1

Your spell library contained the following spells:

 Spells                   Type           Power        Failure   Level
 Conjure Flame            Conj/Fire      21%          3%          3


Dungeon Overview and Level Annotations

Branches:
Dungeon (10/15)            Temple (1/1) D:6            Lair (1/6) D:10
    Orc (0/2) D:9           IceCv (visited)

Altars:
Ashenzari
Cheibriados
Dithmenos
Elyvilon
Fedhas
Gozag
Hepliaklqana
Kikubaaqudgha
Makhleb
Nemelex Xobeh
Okawaru
Qazlal
Ru
Sif Muna
Trog
Uskayaw
Vehumet
Wu Jian
Xom
Yredelemnul
Zin
The Shining One


Innate Abilities, Weirdness & Mutations

You are resistant to torment.
Your stone body is resilient. (AC +8)
You are immune to poison.
You resist negative energy. (rN+)
You are resistant to electric shocks. (rElec)
You can survive without breathing.
You are immune to petrification.
You are immune to miasma.


Message History

You hit the polar bear.
The polar bear is almost dead.
The polar bear closely misses you. The polar bear misses you.
The polar bear claws you but does no damage.
The polar bear closely misses you. The polar bear barely misses you.
The polar bear closely misses you.
You hit the polar bear but do no damage.
The polar bear is almost dead.
The polar bear misses you. The polar bear barely misses you. x2
The polar bear misses you. The polar bear barely misses you.
The polar bear closely misses you.
Casting: Hailstorm (dangerous; 1% risk of failure)
Confirm with . or Enter, or press ? or * to list all spells.
Aiming: Freeze (safe; 1% risk of failure)
Press: ? - help, Shift-Dir - straight line, f - polar bear
Aim: a polar bear (almost dead, berserk)
The polar bear resists.
You freeze the polar bear.
The polar bear is almost dead.
The polar bear bites you!!
You die...

≈.≈≈≈≈≈..P.# ##.### #..#
.<.≈≈≈≈...P##.#. ##.### #..##
.≈≈≈≈≈≈....##.#. #..#.###...#
≈≈≈≈≈≈.......... ##........#####
≈≈≈≈≈≈......#... ###.............
≈≈≈≈≈......###..##†#..####.......
≈.≈......P.#....#..#..#..#.......
####....... #.h#.....#..#....[..
... ...... #.†@.#......#.######
... ..... ##..###..P..#.# ...# ..
####....#..#.## ...+
.......+..#.P# #.#.
.......#.+..###### ...
.................. .
..................
..####..†.†....... #..#.##......


You could see a polar bear (berserk).

Vanquished Creatures
  A two-headed ogre (D:9)
  Pikel (D:7)
  A centaur zombie (D:9)
  Maggie (D:7)
  A polar bear (Lair:1)
  3 yaks (Lair:1)
  A wyvern (D:8)
  Grum (D:9)
  4 water moccasins (D:10)
  3 sky beasts
  2 orc warriors
  9 ice beasts
  8 black bears
  2 phantoms
  9 wolves
  5 ogres
  A necrophage (D:8)
  9 bullfrogs
  A water moccasin zombie (D:5)
  5 scorpions
  4 killer bees (D:8)
  A howler monkey (D:10)
  A bullfrog zombie (D:10)
  A quasit (D:10)
  4 orc priests
  3 hounds
  3 jellies
  2 centaur skeletons
  10 orc wizards
  Terence (D:3)
  7 iguanas
  5 worker ants
  A howler monkey zombie (D:5)
  5 gnolls
  A howler monkey skeleton (D:5)
  7 adders
  A shadow imp (D:5)
  4 white imps
  An ooze (D:5)
  An adder zombie (D:3)
  2 adder skeletons
  4 worms
  A dart slug (D:3)
  5 leopard geckos
  32 orcs
  A ball python (D:5)
  5 giant cockroaches
  4 goblins
  A hobgoblin (D:2)
  7 jackals
  7 quokkas
  5 bats
  3 frilled lizards
  A jackal zombie (D:6)
  2 kobolds
  2 leopard gecko skeletons
  3 quokka zombies
  5 rats
  A spectral orc (D:5)
222 creatures vanquished.

Vanquished Creatures (collateral kills)
  A bullfrog (D:8)
  2 killer bees (D:8)
  An orc wizard (D:8)
  2 gnolls (D:8)
  2 orcs (D:8)
8 creatures vanquished.

Vanquished Creatures (others)
  31 fungi (D:10)
  36 plants
67 creatures vanquished.

Grand Total: 297 creatures vanquished

Notes
Turn   | Place    | Note
-------+----------+-------------------------------------------
     0 | D:1      | Arcadio the Gargoyle Ice Elementalist began the quest for
                  | the Orb.
     0 | D:1      | Reached XP level 1. HP: 10/10 MP: 3/3
     2 | D:1      | Noticed a merfolk
     2 | D:1      | Noticed an octopode
     4 | D:1      | Noticed a vine stalker
     4 | D:1      | Noticed an ogre
     6 | D:1      | Noticed a dwarf
     6 | D:1      | Noticed an elf
     8 | D:1      | Noticed a demonspawn
    10 | D:1      | Noticed a draconian
    10 | D:1      | Noticed a demigod
    12 | D:1      | Noticed a spriggan
    14 | D:1      | Noticed a felid
    14 | D:1      | Noticed a vampire
    16 | D:1      | Noticed a halfling
    16 | D:1      | Noticed a minotaur
    18 | D:1      | Noticed a human
    18 | D:1      | Noticed a naga
    20 | D:1      | Noticed a ghoul
    20 | D:1      | Noticed a tengu
    22 | D:1      | Noticed a gargoyle
    22 | D:1      | Noticed a troll
    26 | D:1      | Noticed a centaur
    26 | D:1      | Noticed a formicid
   897 | D:2      | Reached XP level 2. HP: 15/15 MP: 1/5
  2005 | D:2      | Reached XP level 3. HP: 13/19 MP: 1/6
  2580 | D:1      | Learned a level 3 spell: Frozen Ramparts
  3200 | D:2      | Reached XP level 4. HP: 21/24 MP: 7/7
  3340 | D:3      | Learned a level 3 spell: Ozocubu's Armour
  3769 | D:3      | Found a sparkling altar of Nemelex Xobeh.
  3974 | D:3      | Noticed Terence
  3991 | D:3      | Killed Terence
  4027 | D:3      | Reached XP level 5. HP: 20/28 MP: 4/8
  4329 | D:3      | Found a glowing golden altar of the Shining One.
  4330 | D:3      | Found an iron altar of Okawaru.
  4615 | D:3      | Found a burning altar of Makhleb.
  4949 | D:4      | Reached skill level 5 in Ice Magic
  5034 | D:4      | Noticed a phantom
  5652 | D:4      | Reached XP level 6. HP: 32/32 MP: 9/9
  6152 | D:4      | Reached skill level 5 in Stealth
  6412 | D:4      | Noticed a phantom
  6494 | D:4      | Killed a phantom
  6495 | D:4      | Reached XP level 7. HP: 21/36 MP: 10/10
  6812 | D:5      | Entered Level 5 of the Dungeon
  7363 | D:5      | Reached XP level 8. HP: 38/41 MP: 11/11
  7576 | D:5      | Found a basalt altar of Yredelemnul.
  8236 | D:6      | Found a staircase to the Ecumenical Temple.
  8245 | Temple   | Entered the Ecumenical Temple
  8408 | Temple   | Became a worshipper of Vehumet
  8698 | D:6      | HP: 1/41 [ogre/+0 giant spiked club (13)]
  8819 | D:6      | Learned a level 4 spell: Summon Ice Beast
  8835 | D:6      | Reached skill level 5 in Dodging
  8983 | D:6      | Reached skill level 1 in Summonings
 10261 | D:7      | Noticed Pikel
 10272 | D:7      | Killed Pikel
 10273 | D:7      | Reached XP level 9. HP: 34/45 MP: 10/12
 10708 | D:7      | Noticed Maggie
 10722 | D:7      | Killed Maggie
 11019 | D:7      | Reached skill level 1 in Armour
 11328 | D:8      | Reached * piety under Vehumet
 11328 | D:8      | Offered knowledge of Shock by Vehumet.
 11447 | D:8      | Reached XP level 10. HP: 49/50 MP: 11/16
 11453 | D:8      | Learned a level 4 spell: Hailstorm
 11455 | D:8      | Learned a level 1 spell: Shock
 11541 | D:8      | Reached skill level 1 in Conjurations
 11882 | D:8      | Offered knowledge of Sandblast by Vehumet.
 11932 | D:8      | Learned a level 1 spell: Sandblast
 12714 | D:9      | Reached ** piety under Vehumet
 12849 | D:9      | Got a crude zirconium amulet
 12906 | D:9      | Noticed a two-headed ogre
 12923 | D:9      | Killed a two-headed ogre
 13249 | D:9      | Reached skill level 5 in Spellcasting
 13316 | D:9      | Reached skill level 5 in Armour
 13606 | D:9      | Noticed Grum
 13624 | D:9      | Found a staircase to the Orcish Mines.
 13894 | D:9      | Killed Grum
 14488 | D:10     | Entered Level 10 of the Dungeon
 14804 | D:10     | Reached XP level 11. HP: 53/54 MP: 16/19
 14824 | D:10     | Found a staircase to the Lair.
 14842 | D:10     | Offered knowledge of Conjure Flame by Vehumet.
 14843 | D:10     | Reached skill level 5 in Summonings
 15182 | D:10     | Reached *** piety under Vehumet
 15183 | D:10     | Reached skill level 5 in Conjurations
 15394 | Lair:1   | Entered Level 1 of the Lair of Beasts
 15454 | Lair:1   | Found a frozen archway.
 15464 | IceCv    | Entered an ice cave
 15467 | IceCv    | Found the +6 shillelagh "Devastator" {shatter}
 15518 | IceCv    | Reached skill level 1 in Evocations
 15716 | IceCv    | Noticed a white ugly thing
 16147 | Lair:1   | Reached skill level 1 in Axes
 16485 | Lair:1   | Slain by a polar bear

Illustrated notes

Levels and vault maps discovered:
D:1:      kb_arrival_jail, layout_basic
D:2:      minmay_alternating_diamond, layout_basic
D:3:      layout_rooms, lemuel_coloured_pillars_altar, minitemple,
          nemelex_xobeh_ov_fountains_minmay, uniq_terence
D:4:      layout_basic
D:5:      minmay_general_purpose_star, layout_basic,
          yredelemnul_forgotten_temple_becter, kennysheep_cross_bottleneck
D:6:      layout_basic, minmay_temple_entry_trees
D:7:      layout_basic, mrwooster_statue_mirror, uniq_maggie, uniq_pikel
D:8:      layout_basic, grunt_decor_mini_mirrors, minivault_27,
          minmay_misc_feat_columns, minmay_misc_feat_more_columns
D:9:      layout_cave_pods, orc_0_dummy, grunt_ministairs_11, uniq_grum
D:10:     layout_irregular_city, due_lair_maze_entry_diamond
Temple:   compressed_dpeg_circular_temple
Lair:1:   beast_lair_carwin_large_1, layout_chaotic_city,
          portal_ice_cave_entry_pillars_1, infiniplex_staircase_pool_2

Skill      XL: |  1  2  3  4  5  6  7  8  9 10 11 |
---------------+----------------------------------+-----
Dodging        | 2 3 4 5 6 |  6.4
Stealth        | 3 4 5 6 8 |  8.5
Ice Magic      | 5 6 7 8 |  8.3
Summonings     | 3 4 5 |  5.5
Armour         | 3 5 6 |  6.2
Spellcasting   | 4 5 6 |  6.3
Conjurations   | 4 5 |  5.0
Evocations     | 2 |  2.3
Axes           | 1 |  1.5

Action                   |  1- 3 |  4- 6 |  7- 9 | 10-12 || total
-------------------------+-------+-------+-------+-------++-------
Melee: Unarmed           |     2 |       |       |       ||     2
       Flail             |    18 |    21 |       |       ||    39
       Club              |     3 |       |       |       ||     3
       Hand axe          |       |   207 |   333 |   402 ||   942
 Cast: Freeze            |    31 |    34 |    34 |    53 ||   152
       Frozen Ramparts   |     2 |     7 |    17 |    14 ||    40
       Ozocubu's Armour  |       |       |     3 |     9 ||    12
       Summon Ice Beast  |       |       |     1 |     1 ||     2
       Hailstorm         |       |       |       |    13 ||    13
       Shock             |       |       |       |     2 ||     2
Evoke: Wand              |       |       |     3 |     2 ||     5
  Use: Scroll            |     4 |     5 |     3 |    10 ||    22
       Potion            |       |       |     2 |     2 ||     4
 Stab: Sleeping          |     2 |     3 |    14 |     9 ||    28
       Distracted        |       |       |     1 |       ||     1
Armor: Robe              |    15 |   104 |   138 |       ||   257
       Acid dragon scale |       |       |    39 |   425 ||   464
Dodge: Dodged            |    32 |   176 |   258 |   468 ||   934
